 Dungeon Crawl Stone Soup version 0.26-a0-30-g56b8cd3df0 (webtiles) character file.

Game seed: 16490183475568976667, levelgen mode: deterministic

230540 grindst0ne the Markscentaur (level 18, -6/163 HPs)
             Began as a Centaur Hunter on June 2, 2020.
             Was the Champion of Okawaru.
             Killed by the raging water
             ... invoked by a water nymph
              (25 damage)
             ... on level 4 of the Shoals on June 3, 2020.
             The game lasted 02:21:50 (55294 turns).

grindst0ne the Markscentaur (Centaur Hunter)       Turns: 55294, Time: 02:21:51

Health: -6/163     AC: 40    Str: 23    XL:     18   Next: 76%
Magic:  28/28      EV:  6    Int: 10    God:    Okawaru [******]
Gold:   3795       SH:  0    Dex: 10    Spells: 12/17 levels left

rFire    + + +     SeeInvis +   V - +6 longbow (freeze)
rCold    . . .     Gourm    .   (shield currently unavailable)
rNeg     . . .     Faith    +   H - +10 fire dragon scales of Leaves {rF++ rC- SInv}
rPois    +         Spirit   .   j - +2 hat {MR+}
rElec    .         Reflect  .   U - +1 cloak {rPois}
rCorr    .         Harm     .   P - +1 pair of gloves {archery}
MR       ++...                  F - +2 centaur barding {rF+}
Stlth    ..........             T - amulet of faith
HPRegen  0.37/turn              W - ring of protection from cold
MPRegen  0.21/turn              s - +4 ring of protection

@: studying Crossbows, very slow
A: large, hooves 3, deformed body, speed 2, tough skin 3
}: 1/15 runes: gossamer
a: Heroism, Finesse, Renounce Religion


You were on level 4 of the Shoals.
You worshipped Okawaru.
Okawaru was exalted by your worship.
You were hungry.

You visited 6 branches of the dungeon, and saw 32 of its levels.
You also visited: Ice Cave.

You collected 3795 gold pieces.

Inventory:

Hand Weapons
 b - a +7 lajatang of speed
 V - a +6 longbow of freezing (weapon)
Missiles
 d - 619 arrows (quivered)
Armour
 j - a +2 hat of magic resistance (worn)
 p - a scarf of invisibility
 F - a +2 centaur barding of fire resistance (worn)
 H - the +10 fire dragon scales of Leaves (worn) {rF++ rC- SInv}
   (You found it on level 6 of the Lair of Beasts)

   It greatly protects you from fire.
   It makes you vulnerable to cold.
   It lets you see invisible.
 P - a +1 pair of gloves of archery (worn)
 U - a +1 cloak of poison resistance (worn)
Jewellery
 s - a +4 ring of protection (right hand)
 I - an uncursed ring of protection from magic {unknown}
 N - the amulet of Madwisai {Acrobat +Inv +Fly rElec MR+}
   (You found it on level 2 of the Spider Nest)

   [amulet of the acrobat]

   It helps you evade while moving and waiting.
   It insulates you from electricity.
   It affects your resistance to hostile enchantments.
   It lets you turn invisible.
   It lets you fly.
 R - an uncursed amulet of reflection {unknown}
 T - an amulet of faith (around neck)
 W - a ring of protection from cold (left hand)
Wands
 w - a wand of disintegration (5)
 x - a wand of digging (26)
 B - a wand of acid (4)
 J - a wand of paralysis (3)
Scrolls
 c - 3 scrolls of holy word
 g - 5 scrolls of magic mapping
 i - a scroll of torment
 l - 3 scrolls of fear
 q - 7 scrolls of teleportation
 r - 3 scrolls of immolation
 u - a scroll of fog
 y - 2 scrolls of enchant armour
 z - a scroll of summoning {unknown}
 D - 8 scrolls of remove curse
 M - 4 scrolls of amnesia
 O - 4 scrolls of blinking
 Q - a scroll of silence
Potions
 e - 5 potions of haste
 h - 2 potions of mutation
 k - 5 potions of ambrosia
 m - 3 potions of magic
 n - a potion of curing
 v - a potion of stabbing
 C - a potion of berserk rage
 K - 3 potions of flight
 L - 2 potions of resistance
 S - 3 potions of brilliance
 Z - a potion of might
Books
 A - a manual of Crossbows
Miscellaneous
 t - a lightning rod (4/4)
 E - 3 phantom mirrors
 G - 3 boxes of beasts
Comestibles
 a - 4 chunks of flesh
 f - 33 rations


   Skills:
 + Level 15.3 Fighting
   Level 1.7(3.3) Polearms
 - Level 4.3(4.5) Staves
 * Level 19.7 Bows
 * Level 11.5 Armour
 - Level 1.3 Dodging
 - Level 0.4 Stealth
 + Level 3.6 Charms
 * Level 14.1 Translocations
 + Level 13.5 Invocations
 - Level 8.3 Evocations


You had 12 spell levels left.
You knew the following spells:

 Your Spells              Type           Power        Failure   Level  Hunger
a - Portal Projectile     Hex/Tloc       ##....       16%         3    ####...
b - Song of Slaying       Chrm           #.......     32%         2    ###....

Your spell library contained the following spells:

 Spells                   Type           Power        Failure   Level  Hunger
 Apportation              Tloc           ####..       1%          1    ##.....
 Lesser Beckoning         Tloc           ####......   1%          3    ####...
 Teleport Other           Tloc           ####....     1%          3    ####...
 Shroud of Golubria       Chrm/Tloc      ###...       3%          2    ###....
 Recall                   Summ/Tloc      N/A          16%         3    ####...
 Infusion                 Chrm           #...         22%         1    ##.....
 Iskenderun's Mystic Bla  Conj/Tloc      ##......     45%         4    #####..
 Animate Skeleton         Necr           N/A          67%         1    ##.....
 Beastly Appendage        Tmut           #.....       67%         1    ##.....
 Magic Dart               Conj           #...         67%         1    ##.....
 Pain                     Necr           #...         67%         1    ##.....
 Summon Butterflies       Summ           #.......     67%         1    ##.....
 Summon Small Mammal      Summ           #...         67%         1    ##.....
 Call Imp                 Summ           #.......     80%         2    ###....
 Searing Ray              Conj           #.....       80%         2    ###....
 Sticks to Snakes         Tmut           #.......     80%         2    ###....
 Ozocubu's Armour         Chrm/Ice       #.......     80%         3    ####...
 Spectral Weapon          Hex/Chrm       #.......     80%         3    ####...
 Summon Forest            Summ/Tloc      ##........   82%         5    ######.
 Call Canine Familiar     Summ           #.......     95%         3    ####...
 Dazzling Flash           Conj/Hex       #.....       95%         3    ####...
 Spider Form              Tmut/Pois      #.........   95%         3    ####...
 Summon Guardian Golem    Hex/Summ       #.......     95%         3    ####...
 Tukima's Dance           Hex            #.......     95%         3    ####...
 Vampiric Draining        Necr           #.........   95%         3    ####...
 Animate Dead             Necr           N/A          100%        4    #####..
 Cause Fear               Hex            #.........   100%        4    #####..
 Fulminant Prism          Conj/Hex       #.........   100%        4    #####..
 Ice Form                 Ice/Tmut       #.......     100%        4    #####..
 Summon Ice Beast         Ice/Summ       #.......     100%        4    #####..
 Summon Lightning Spire   Summ/Air       #.......     100%        4    #####..
 Agony                    Necr           #.......     100%        5    ######.
 Alistair's Intoxication  Tmut/Pois      #.......     100%        5    ######.
 Aura of Abjuration       Summ           #.........   100%        5    ######.
 Blade Hands              Tmut           #.........   100%        5    ######.
 Silence                  Hex/Air        #.........   100%        5    ######.
 Summon Demon             Summ           #.........   100%        5    ######.
 Summon Mana Viper        Hex/Summ       #.......     100%        5    ######.
 Yara's Violent Unravell  Hex/Tmut       #.........   100%        5    ######.
 Invisibility             Hex            #.......     100%        6    #######
 Shadow Creatures         Summ           N/A          100%        6    #######
 Controlled Blink         Tloc           N/A          100%        8    #######
 Discord                  Hex            #.........   100%        8    #######


Dungeon Overview and Level Annotations

Branches:
Dungeon (15/15)            Temple (1/1) D:4            Lair (6/6) D:9
 Shoals (4/4) Lair:3       Spider (4/4) Lair:3        Slime (0/5) Lair:5
    Orc (2/2) D:12            Elf (0/3) Orc:2        Vaults (0/5) D:14
 Depths (0/5) D:15          IceCv (visited)

Altars:
Ashenzari
Cheibriados
Dithmenos
Elyvilon
Fedhas
Gozag
Hepliaklqana
Kikubaaqudgha
Makhleb
Nemelex Xobeh
Okawaru
Qazlal
Ru
Sif Muna
Trog
Uskayaw
Vehumet
Wu Jian
Xom
Yredelemnul
Zin
The Shining One
Beogh
Jiyva

Shops:
Orc:2 [}([

Annotations:
D:4 1 runed translucent door
D:9 1 runed translucent door
D:13 exclusion: downstairs
Shoals:1 exclusion: downstairs
Spider:1 exclusion: 2 downstairs


Innate Abilities, Weirdness & Mutations

You have hooves in place of feet.
Armour fits poorly on your strangely shaped body.
You cover ground very quickly.
You have extremely tough skin. (AC +3)


Message History

The arrow freezes the water nymph.
The water nymph is heavily wounded.
You hear a splash.
Firing (i - inventory)
d - 620 arrows (quivered)
Press: ? - help, Shift-Dir - straight line, f/p - water nymph
Aim: a water nymph (moderately wounded)
You shoot an arrow. The arrow hits the water nymph!
The arrow freezes the water nymph.
The water nymph is severely wounded.
You hear a splash.
The water nymph touches you. The water nymph drowns you!
* * * LOW HITPOINT WARNING * * *
The merfolk impaler hits you from afar with a +1 demon trident of freezing!
* * * LOW HITPOINT WARNING * * *
The merfolk impaler freezes you.
* * * LOW HITPOINT WARNING * * *
Okay, then.
The water nymph casts a spell at you. The water swirls and strikes you!!
You die...

#≈≈≈≈≈≈≈#≈..#≈....#.....≈≈≈≈≈≈≈≈
#≈≈≈≈≈≈≈#≈.≈≈#≈.#)#....≈≈≈≈≈≈≈≈≈
#≈≈≈≈≈≈≈#≈.≈≈##≈..#...≈≈≈≈≈≈≈≈≈≈
#≈≈≈≈≈≈≈#≈..≈≈≈#..#..≈≈≈≈≈≈≈≈≈≈≈
#≈≈≈≈≈≈÷#≈#[.≈≈..≈#.≈≈≈≈≈≈≈≈≈≈≈≈
#≈≈≈≈≈≈÷##≈#....≈##≈≈≈≈≈≈≈≈≈≈###
#≈≈≈≈≈≈≈≈##≈≈≈≈≈##≈≈≈≈≈≈≈≈≈≈##≈≈
#≈≈≈≈≈≈≈≈≈#######≈≈≈≈≈≈≈≈≈≈##≈#≈
#≈≈≈≈≈≈≈≈≈≈≈≈((@≈≈≈≈≈≈≈≈≈≈≈#≈#≈=
#≈≈≈≈≈≈≈≈≈≈≈mm(†≈≈≈≈≈≈≈≈≈≈≈#≈..≈
#≈≈≈≈≈≈≈≈≈≈≈)######≈≈≈≈≈≈≈≈#≈)≈#
#≈≈≈≈≈≈≈≈≈≈(#.!..≈##≈≈≈≈≈≈≈#≈≈≈≈
#≈≈≈≈≈≈≈≈≈≈#(#....≈ #≈≈≈≈≈≈#≈≈≈#
#≈≈≈≈≈≈≈≈≈#.#..m#≈≈ #≈≈≈≈≈≈##≈≈≈
≈≈≈≈≈≈≈≈≈#...≈#mm≈ #≈≈≈≈≈≈≈##≈≈
≈≈≈≈≈≈≈≈#.. ##m≈≈ #≈≈≈≈≈.≈≈###
≈≈≈≈≈≈≈ .. ≈≈ #≈≈≈≈≈≈≈≈≈≈≈


You could see a merfolk impaler and a water nymph.

Vanquished Creatures
  Arachne (Spider:1)
  Jorgrun (D:14)
  Rupert (Orc:1)
  Gastronok (Orc:1)
  Polyphemus (Shoals:2)
  Frances (D:13)
  2 krakens (Shoals:2)
  Donald (Shoals:2)
  The ghost of KennyOmg the Severer, a journeyman MiBe of Trog (Shoals:2)
  A frost giant (IceCv)
  4 ghost moths
  7 emperor scorpions
  An ironheart preserver (D:14)
  5 entropy weavers
  Nessos (D:15)
  Azrael (Orc:1)
  2 merfolk javelineers
  A fire dragon (D:14)
  Josephine (D:14)
  8 merfolk impalers
  A rakshasa (D:14)
  A yaktaur captain (D:15)
  A catoblepas (Shoals:3)
  6 hydras
  An alligator snapping turtle (Shoals:3)
  3 merfolk aquamancers
  4 merfolk avatars
  A death knight (D:14)
  4 centaur warriors
  An ogre mage (Orc:2)
  4 two-headed ogres
  3 tengu warriors
  4 satyrs
  4 death yaks
  Nergalle (Orc:1)
  A skeletal warrior (D:14)
  11 sea snakes
  5 orc knights
  16 harpies
  A phantasmal warrior (D:14)
  A lindwurm (Lair:3)
  5 oklob plants
  26 orb spiders
  25 wolf spiders
  8 ugly things
  17 fauns
  A deep elf mage (D:14)
  6 cyclopes
  12 manticores
  9 elephants
  A moth of wrath (Spider:4)
  10 merfolk sirens
  3 black mambas
  6 water nymphs
  A spiny frog (shapeshifter) (D:14)
  An eye of devastation (shapeshifter) (D:14)
  2 torpor snails
  4 centaur skeletons
  A gargoyle (D:13)
  11 spiny frogs
  6 komodo dragons
  6 rime drakes
  2 efreet (D:14)
  A freezing wraith (D:14)
  A yaktaur (D:15)
  22 demonic crawlers
  A kobold demonologist (D:15)
  11 trolls
  A tengu conjurer (D:15)
  23 merfolk
  3 meliai (D:15)
  3 wind drakes
  32 jumping spiders
  8 hornets
  Prince Ribbit (D:5)
  8 dream sheep
  18 blink frogs
  7 snapping turtles
  13 hippogriffs
  19 polar bears
  10 slime creatures
  3 shadows
  12 spriggans
  A vampire (D:12)
  44 tarantellas
  8 wyverns
  83 redbacks
  8 water elementals
  46 yaks
  9 wraiths
  5 basilisks
  A human (D:13)
  Grum (Lair:1)
  3 fire elementals
  6 hungry ghosts
  41 wolves
  2 vampire mosquitoes (D:15)
  A steam dragon (D:15)
  A soldier ant (D:15)
  9 porcupines
  6 hell hounds
  Duvessa (D:5)
  10 water moccasins
  37 orc warriors
  5 phantoms
  4 ice beasts
  An eye of draining (D:9)
  A necrophage (D:9)
  10 black bears
  4 sky beasts
  13 ogres
  4 boggarts (Lair:6)
  34 centaurs
  8 crocodiles
  4 big kobolds
  19 bullfrogs
  2 wyvern zombies
  Dowan (D:5)
  3 troll zombies (D:12)
  12 scorpions
  A water moccasin skeleton (D:4)
  8 killer bees
  3 wights (D:14)
  An electric eel (Spider:3)
  A bullfrog zombie (D:5)
  A centaur zombie (D:12)
  A bullfrog skeleton (D:8)
  8 jellies
  6 orc priests
  5 hounds
  An iron imp (D:5)
  13 orc wizards
  Crazy Yiuf (D:4)
  4 iguanas
  10 worker ants
  A killer bee zombie (D:10)
  5 ogre zombies (D:12)
  A hound skeleton (D:6)
  A howler monkey zombie (D:7)
  Robin (D:2)
  9 adders
  3 gnolls (D:3)
  2 howler monkey skeletons
  5 shadow imps
  An ooze (Lair:5)
  An adder zombie (D:4)
  2 worms
  2 dart slugs (D:1)
  5 leopard geckos
  89 orcs
  7 bats
  A giant cockroach (D:1)
  15 goblins
  8 hobgoblins
  14 jackals
  26 kobolds
  7 quokkas
  A ball python (D:2)
  10 frilled lizards
  A goblin skeleton (D:12)
  4 goblin zombies (D:12)
  A hobgoblin skeleton (D:12)
  4 hobgoblin zombies (D:12)
  A jackal skeleton (D:4)
  A leopard gecko skeleton (D:3)
  5 orc skeletons (D:12)
  10 orc zombies (D:12)
  8 rats
  A bush (Lair:1)
  2 tentacles (Shoals:2)
1243 creatures vanquished.

Vanquished Creatures (collateral kills)
  A killer bee (D:11)
1 creature vanquished.

Vanquished Creatures (others)
  A wolf spider (Spider:3)
  A polar bear (IceCv)
  A redback (Spider:1)
  6 wolves
  An orc (D:3)
  15 fungi
  14 plants
  11 tentacles (Shoals:2)
50 creatures vanquished.

Grand Total: 1294 creatures vanquished

Notes
Turn   | Place    | Note
-------+----------+-------------------------------------------
     0 | D:1      | grindst0ne the Centaur Hunter began the quest for the Orb.
     0 | D:1      | Reached XP level 1. HP: 17/17 MP: 1/1
    59 | D:1      | Reached XP level 2. HP: 20/24 MP: 2/2
   355 | D:1      | Reached skill level 6 in Bows
   523 | D:1      | Reached XP level 3. HP: 29/30 MP: 3/3
   735 | D:2      | Found a stormy altar of Qazlal.
   738 | D:2      | Found a shattered altar of Ashenzari.
   739 | D:2      | Found a shimmering altar of Xom.
  1083 | D:2      | Noticed Robin
  1102 | D:2      | Killed Robin
  1421 | D:2      | Reached XP level 4. HP: 36/37 MP: 4/4
  1944 | D:3      | Reached skill level 7 in Bows
  2570 | D:3      | Reached XP level 5. HP: 45/45 MP: 5/5
  2761 | D:3      | Found a glowing golden altar of the Shining One.
  2811 | D:3      | Found a shadowy altar of Dithmenos.
  3022 | D:4      | Found a staircase to the Ecumenical Temple.
  3041 | D:4      | Noticed an ogre
  3046 | D:4      | Noticed an ogre
  3049 | D:4      | Killed an ogre
  3049 | D:4      | Reached skill level 8 in Bows
  3054 | D:4      | Killed an ogre
  3054 | D:4      | Reached XP level 6. HP: 28/52 MP: 3/6
  3084 | D:4      | Reached skill level 9 in Bows
  3335 | Temple   | Entered the Ecumenical Temple
  3393 | Temple   | Became a worshipper of Warmaster Okawaru
  3938 | D:4      | Reached XP level 7. HP: 36/60 MP: 5/7
  4110 | D:4      | Reached skill level 10 in Bows
  4156 | D:4      | Reached * piety under Okawaru
  4156 | D:4      | Reached skill level 5 in Fighting
  4436 | D:4      | Found a runed translucent door.
  4437 | D:4      | Noticed Crazy Yiuf
  4443 | D:4      | Killed Crazy Yiuf
  4555 | D:4      | Found a glowing silver altar of Zin.
  4615 | D:4      | Found an ornate altar of the Wu Jian Council.
  4632 | D:4      | Found a runed translucent door.
  4633 | D:4      | Noticed an angel
  4634 | D:4      | Found a glowing golden altar of the Shining One.
  4909 | D:5      | Entered Level 5 of the Dungeon
  5338 | D:5      | Noticed Prince Ribbit
  5346 | D:5      | Killed Prince Ribbit
  5346 | D:5      | Reached skill level 11 in Bows
  5346 | D:5      | Reached XP level 8. HP: 67/70 MP: 6/8
  5377 | D:5      | Noticed Duvessa
  5377 | D:5      | Noticed Dowan
  5387 | D:5      | Killed Duvessa
  5387 | D:5      | Reached ** piety under Okawaru
  5391 | D:5      | Killed Dowan
  5478 | D:5      | Found a snail-covered altar of Cheibriados.
  5860 | D:5      | Reached skill level 12 in Bows
  5957 | D:5      | Found a blossoming altar of Fedhas.
  6592 | D:5      | Found a hazy altar of Hepliaklqana.
  6592 | D:5      | Found a burning altar of Makhleb.
  6944 | D:6      | Found a white marble altar of Elyvilon.
  7296 | D:6      | Found a hide-covered altar of Uskayaw.
  7297 | D:6      | Noticed a +0 hand axe
  7298 | D:6      | Noticed a +0 dagger
  7339 | D:6      | Reached skill level 13 in Bows
  7716 | D:7      | Reached XP level 9. HP: 79/79 MP: 9/9
  7820 | D:7      | Reached skill level 1 in Invocations
  8095 | D:7      | Reached *** piety under Okawaru
  8355 | D:7      | Reached skill level 1 in Evocations
  8595 | D:7      | Received a gift from Okawaru
  9086 | D:8      | Reached XP level 10. HP: 93/93 MP: 11/15
  9087 | D:8      | Reached skill level 10 in Fighting
  9087 | D:8      | Reached XP level 11. HP: 101/101 MP: 11/17
  9226 | D:8      | Identified Xeiwkerurch's Incunabulum of the Compass
  9481 | D:8      | Got a jewelled ring mail
  9493 | D:8      | Identified the cursed +1 ring mail "Feoboc" {rF+ Dex+3}
                  | (You found it on level 8 of the Dungeon)
  9825 | D:9      | Noticed a sixfirhy
  9829 | D:9      | Found a runed translucent door.
 10335 | D:9      | Reached **** piety under Okawaru
 10675 | D:9      | Reached skill level 14 in Bows
 10856 | D:9      | Found a roughly hewn altar of Beogh.
 11091 | D:9      | Found a staircase to the Lair.
 11121 | D:9      | Received a gift from Okawaru
 11525 | D:10     | Entered Level 10 of the Dungeon
 11813 | D:10     | Received a gift from Okawaru
 12403 | D:10     | Learned a level 3 spell: Portal Projectile
 12648 | D:10     | Reached skill level 1 in Translocations
 12664 | D:10     | Received a gift from Okawaru
 12755 | D:10     | Reached skill level 5 in Armour
 12755 | D:10     | Reached XP level 12. HP: 110/110 MP: 18/18
 13499 | Lair:1   | Entered Level 1 of the Lair of Beasts
 13554 | Lair:1   | Reached ***** piety under Okawaru
 13990 | Lair:1   | Received a gift from Okawaru
 14731 | Lair:1   | Received a gift from Okawaru
 15048 | Lair:1   | Noticed Grum
 15055 | Lair:1   | Killed Grum
 15055 | Lair:1   | Reached skill level 1 in Polearms
 16121 | Lair:2   | Reached skill level 5 in Translocations
 16932 | Lair:2   | Received a gift from Okawaru
 17387 | Lair:3   | Found a staircase to the Shoals.
 17513 | Lair:3   | Found a hole to the Spider Nest.
 17518 | Lair:3   | Reached skill level 1 in Staves
 17934 | Lair:3   | Received a gift from Okawaru
 18933 | Lair:3   | Reached XP level 13. HP: 76/119 MP: 11/20
 19195 | Lair:4   | Reached skill level 10 in Invocations
 21191 | Lair:5   | Received a gift from Okawaru
 21311 | Lair:5   | Found an iron altar of Okawaru.
 21312 | Lair:5   | Found a runed translucent door.
 21312 | Lair:5   | Found a viscous altar of Jiyva.
 21313 | Lair:5   | Found a staircase to the Slime Pits.
 21703 | Lair:6   | Entered Level 6 of the Lair of Beasts
 21808 | Lair:6   | Reached ****** piety under Okawaru
 21808 | Lair:6   | Received a gift from Okawaru
 21943 | Lair:6   | Paralysed by a hornet for 3 turns
 21964 | Lair:5   | Paralysed by a hornet for 2 turns
 22554 | Lair:6   | Got faintly humming fire dragon scales
 22565 | Lair:6   | Identified the +10 fire dragon scales of Leaves {rF++ rC-
                  | SInv} (You found it on level 6 of the Lair of Beasts)
 22625 | Lair:6   | Received a gift from Okawaru
 22728 | Lair:6   | Received a gift from Okawaru
 23240 | Lair:6   | Received a gift from Okawaru
 23509 | Lair:6   | Reached XP level 14. HP: 117/129 MP: 22/22
 24583 | D:11     | Found a frozen archway.
 24612 | IceCv    | Entered an ice cave
 24639 | IceCv    | Received a gift from Okawaru
 24921 | IceCv    | Received a gift from Okawaru
 25379 | IceCv    | Got an ivory glaive
 25701 | IceCv    | Noticed a frost giant
 25748 | IceCv    | HP: 1/129 [frost giant/bolt of cold (44)]
 25749 | IceCv    | Killed a frost giant
 25749 | IceCv    | Received a gift from Okawaru
 26361 | D:11     | Received a gift from Okawaru
 26745 | D:11     | Found an ornate altar of the Wu Jian Council.
 27331 | D:12     | Found a staircase to the Orcish Mines.
 28496 | D:13     | Received a gift from Okawaru
 28628 | D:13     | Noticed Frances
 28644 | D:13     | Killed Frances
 28648 | D:13     | Received a gift from Okawaru
 29026 | D:13     | Received a gift from Okawaru
 30016 | D:14     | Reached skill level 10 in Translocations
 30078 | D:14     | Reached XP level 15. HP: 92/136 MP: 23/23
 30344 | D:14     | Learned a level 2 spell: Song of Slaying
 30531 | D:14     | Reached skill level 15 in Bows
 30550 | D:14     | Noticed Jorgrun
 30634 | D:14     | Noticed Josephine
 31819 | D:14     | Received a gift from Okawaru
 31932 | D:14     | Killed Jorgrun
 31932 | D:14     | Received a gift from Okawaru
 32361 | D:14     | Killed Josephine
 32735 | D:14     | Found a gate to the Vaults.
 33288 | D:15     | Entered Level 15 of the Dungeon
 33987 | D:15     | Found a staircase to the Depths.
 34121 | D:15     | Identified a scroll of acquirement
 34427 | D:15     | Noticed Nessos
 34443 | D:15     | Killed Nessos
 34733 | Orc:1    | Entered Level 1 of the Orcish Mines
 34812 | Orc:1    | Noticed Gastronok
 34823 | Orc:1    | Killed Gastronok
 34823 | Orc:1    | Reached skill level 16 in Bows
 34901 | Orc:1    | Noticed Nergalle
 34909 | Orc:1    | Killed Nergalle
 34954 | Orc:1    | You fall into a shaft and drop 1 floor!
 34954 | Orc:2    | Entered Level 2 of the Orcish Mines
 34956 | Orc:2    | Received a gift from Okawaru
 34957 | Orc:2    | Got a warped plate armour {god gift}
 35018 | Orc:2    | Noticed Rupert
 35023 | Orc:2    | Paralysed by Rupert for 3 turns
 35068 | Orc:1    | Paralysed by Rupert for 6 turns
 35548 | Orc:1    | Killed Rupert
 36623 | Orc:2    | Noticed Azrael
 36962 | Orc:1    | Killed Azrael
 36962 | Orc:1    | Reached XP level 16. HP: 45/146 MP: 25/25
 37483 | Orc:2    | Found a radiant altar of Vehumet.
 37698 | Orc:2    | Found a staircase to the Elven Halls.
 38081 | Orc:2    | Found Vosimp Veci's Antique Weapon Boutique.
 38081 | Orc:2    | Found Rirywutryu's Gadget Shoppe.
 38083 | Orc:2    | Found Ahuikeggidd's Armour Emporium.
 38085 | Orc:2    | Found Kequorai's Armour Shop.
 38107 | Orc:2    | Identified the +1 plate armour of Ommeimoo {rElec Int-5
                  | Dex+3} (Okawaru gifted it to you on level 2 of the Orcish
                  | Mines)
 38247 | Orc:2    | Received a gift from Okawaru
 38537 | Spider:1 | Entered Level 1 of the Spider Nest
 40645 | Spider:2 | Reached skill level 17 in Bows
 40720 | Spider:2 | Noticed Arachne
 40751 | Spider:1 | Killed Arachne
 40751 | Spider:1 | Received a gift from Okawaru
 40755 | Spider:1 | Got a fine eveningstar {god gift}
 40777 | Spider:1 | Identified the +1 eveningstar of Meiplyic {freeze, rF+++
                  | rC- Int-2 Stlth+} (Okawaru gifted it to you on level 1 of
                  | the Spider Nest)
 40778 | Spider:1 | Identified the cursed +0 glaive of Dawn {elec, Int+7} (You
                  | found it in an ice cave)
 41614 | Spider:2 | Got a smoking bone amulet
 42488 | Spider:2 | Received a gift from Okawaru
 43934 | Spider:3 | Identified the amulet of Madwisai {Acrobat +Inv +Fly rElec
                  | MR+} (You found it on level 2 of the Spider Nest)
 44246 | Spider:3 | Reached skill level 10 in Armour
 44270 | Spider:3 | Reached XP level 17. HP: 148/154 MP: 26/26
 44605 | Spider:3 | Got a bloodstained shortbow
 44606 | Spider:3 | Identified the +2 shortbow "Mehaxatt" {venom, rElec Str-3
                  | Dex+2 Stlth+} (You found it on level 3 of the Spider Nest)
 44684 | Spider:4 | Entered Level 4 of the Spider Nest
 44871 | Spider:4 | Received a gift from Okawaru
 45134 | Spider:4 | Reached skill level 18 in Bows
 45582 | Spider:4 | Received a gift from Okawaru
 45885 | Spider:4 | Received a gift from Okawaru
 45888 | Spider:4 | Got a smoking shortbow {god gift}
 45889 | Spider:4 | Identified the +6 shortbow "Jasorom" {freeze, MP+9 Str+5}
                  | (Okawaru gifted it to you on level 4 of the Spider Nest)
 47082 | Spider:4 | Received a gift from Okawaru
 48134 | Spider:4 | Got a gossamer rune of Zot
 48342 | Shoals:1 | Entered Level 1 of the Shoals
 49081 | Shoals:2 | Noticed Donald
 49406 | Shoals:2 | Killed Donald
 49406 | Shoals:2 | Reached skill level 1 in Charms
 49427 | Shoals:2 | Reached skill level 15 in Fighting
 49454 | Shoals:2 | Received a gift from Okawaru
 49853 | Shoals:2 | Found a runed translucent gate.
 49854 | Shoals:2 | Found a runed translucent gate.
 49855 | Shoals:2 | Found a runed translucent gate.
 49857 | Shoals:2 | Noticed KennyOmg's ghost (journeyman MiBe)
 49863 | Shoals:2 | Noticed a kraken
 49944 | Shoals:2 | Killed KennyOmg's ghost
 51011 | Shoals:2 | Killed a kraken
 51011 | Shoals:2 | Reached XP level 18. HP: 163/163 MP: 27/27
 51028 | Shoals:2 | Got a scorched pewter ring
 51245 | Shoals:3 | Noticed Polyphemus
 51248 | Shoals:3 | Reached skill level 19 in Bows
 51562 | Shoals:2 | Killed Polyphemus
 51562 | Shoals:2 | Received a gift from Okawaru
 51570 | Shoals:2 | Got a twisted shortbow {god gift}
 51571 | Shoals:2 | Identified the +9 shortbow "Tont" {venom, rF- rN+ MR+}
                  | (Okawaru gifted it to you on level 2 of the Shoals)
 52043 | Shoals:3 | Identified the ring of Jofu {Fire rPois MP+9 Dex+4} (You
                  | found it on level 2 of the Shoals)
 53226 | Shoals:4 | Entered Level 4 of the Shoals
 53588 | Shoals:4 | Received a gift from Okawaru
 53626 | Shoals:4 | Identified the +2 glaive of Responsibility {elec, rElec
                  | Dex-3 Stlth+}
 54197 | Shoals:4 | Received a gift from Okawaru
 54332 | Shoals:4 | Identified the +7 morningstar of Ageno {vorpal, rF+}
 55294 | Shoals:4 | Killed from afar by a water nymph

Illustrated notes

Levels and vault maps discovered:
D:1:      saegor_arrival_simple_b, layout_rooms, minmay_misc_feat_encased
D:2:      layout_basic, nicolae_overflow_hidden_temple, mrwooster_statue_mirror,
          uniq_robin
D:3:      layout_rooms, grunt_dithmenos_smoke, tso_metal_star
D:4:      minmay_skewed_foursquare, layout_cave_pools, old_standard_altar,
          lemuel_coloured_pillars_altar, minmay_temple_entry_butterflies,
          first_ration, lemuel_angel_altar, uniq_crazy_yiuf_cottage
D:5:      layout_loops_ring, lemuel_doored_altar, slow_altar_2,
          gammafunk_temple_overflow_pools, kennysheep_small_spiral,
          uniq_duvessa, uniq_prince_ribbit1
D:6:      layout_basic, elyvilon_altar_4, dancing_weapons_uskayaw, minivault_24
D:7:      layout_loops_ring
D:8:      layout_basic
D:9:      cheibrodos_shockbox, layout_loops_ring,
          grunt_lair_entry_orc_guard_hut, special_room [special_room_orc]
D:10:     layout_gridville
D:11:     layout_cross, basic_altar, portal_ice_cave_entry_pillars_1
D:12:     layout_long_grid, zombieorc2_lemuel
D:13:     layout_basic, grunt_pizzeria, minmay_misc_feat_ornament, uniq_frances
D:14:     layout_roguey [special_room_mythical_zoo],
          skrybe_vaults_entry_preservation, serial_corexii_hall,
          chequers_hall_statues_corner_a, corexii_hall_statues_x,
          grunt_decor_resistance, uniq_josephine, uniq_jorgrun
D:15:     grunt_enter_depths_snipers, layout_stronghold, minmay_crystal_water,
          uniq_nessos
Temple:   jpeg_temple_island
Lair:1:   layout_chaotic_city, minivault_24, minmay_lair_oklob_items,
          beast_lair_carwin_6, lemuel_fruit_tree, uniq_grum
Lair:2:   layout_concentric_octagons, bh_autumn_forest_stairs,
          lemuel_fruit_fields, lemuel_fruit_fields, grunt_megastairs_5,
          serial_bayou_shore_b
Lair:3:   layout_misc_corridors, shoals_dummy_entry, spider_nest_entry_rubble,
          minmay_lair_oklob_chamber
Lair:4:   layout_long_grid, grunt_forest_stairs_clearing
Lair:5:   layout_roguey, slime_altar_2, basic_altar
Lair:6:   minmay_lair_end_enchanted_forest, layout_layer_cave,
          guppyfry_lair_drakes
Shoals:1: layout_shoals
Shoals:2: layout_shoals, ebering_ghost_davey_jones, uniq_donald
Shoals:3: layout_shoals, uniq_polyphemus
Shoals:4: shoals_end_hangedman, layout_shoals
Spider:1: layout_chambers
Spider:2: layout_spider_delve, uniq_arachne
Spider:3: layout_spider_delve, drop_trap, worms_lemuel
Spider:4: grunt_spider_rune_circles, nicolae_spider_webs_and_nodes
Orc:1:    layout_caves, uniq_gastronok, uniq_nergalle
Orc:2:    st_orc_rangers, layout_diamond_mine, basic_altar, uniq_rupert,
          uniq_azrael

Skill      XL: |  1  2  3  4  5  6  7  8  9 10 11 12 13 14 15 16 17 18 |
---------------+-------------------------------------------------------+-----
Bows           | 6 7 8 9 11 13 14 16 17 18 19 | 19.7
Fighting       | 3 4 5 7 9 10 11 12 13 14 15 | 15.3
Invocations    | 7 9 10 11 12 13 | 13.5
Evocations     | 6 7 8 |  8.3
Armour         | 3 5 7 8 10 11 | 11.5
Translocations | 1 6 8 10 11 12 13 14 | 14.1
Polearms       | 1 |  1.7
Staves         | 2 4 |  4.3
Charms         | 1 3 |  3.6
Dodging        | |  1.3
Stealth        | |  0.4

Action                   |  1- 3 |  4- 6 |  7- 9 | 10-12 | 13-15 | 16-18 || total
-------------------------+-------+-------+-------+-------+-------+-------++-------
Melee: Short sword       |   132 |    22 |       |       |       |       ||   154
       Kick              |    29 |    30 |    73 |    73 |       |     1 ||   206
       Trident           |       |   128 |   366 |   212 |     6 |       ||   712
       Longbow           |       |       |       |       |       |     7 ||     7
 Fire: Shortbow          |     8 |       |    51 |   889 |  2255 |       ||  3203
       Longbow           |       |       |       |       |   264 |  1895 ||  2159
Invok: Finesse           |       |       |       |       |     4 |     2 ||     6
       Heroism           |       |       |       |       |     2 |     2 ||     4
Evoke: Wand              |       |    10 |    39 |     9 |    24 |     8 ||    90
       Lightning rod     |       |       |       |       |     4 |       ||     4
  Use: Scroll            |       |     4 |     7 |     7 |    20 |    14 ||    52
       Potion            |       |       |     4 |     2 |     7 |    10 ||    23
 Stab: Paralysed         |       |       |    16 |       |       |       ||    16
  Eat: Chunk             |     1 |     7 |    14 |    20 |    39 |    25 ||   106
       Ration            |       |       |       |     1 |     2 |     7 ||    10
Armor: Leather armour    |    38 |       |       |       |       |       ||    38
       Scale mail        |    29 |    51 |   108 |    48 |    77 |       ||   313
       Chain mail        |       |    26 |    86 |       |       |       ||   112
       Skin              |       |       |     9 |       |       |       ||     9
       Ring mail         |       |       |       |   148 |    84 |       ||   232
       Fire dragon scale |       |       |       |       |   663 |  1493 ||  2156
Dodge: Dodged            |    66 |    51 |    95 |   163 |   281 |   443 ||  1099

Table legend:
 A = Non-vault XP
 B = Vault XP
 C = Vault XP percentage of total XP
 D = Non-vault monster count
 E = Vault monster count
 F = Vault count percentage of total count
                 A         B        C        D         E       F
            +---------+---------+-------+---------+---------+-------
      Total |  216791 |  127950 |  37.1 |     851 |     393 |  31.6
            +---------+---------+-------+---------+---------+-------
        D:1 |      42 |       0 |   0.0 |      26 |       0 |   0.0
        D:2 |      29 |      31 |  51.7 |      18 |       9 |  33.3
        D:3 |     112 |       0 |   0.0 |      31 |       0 |   0.0
        D:4 |     834 |     123 |  12.9 |      21 |       6 |  22.2
        D:5 |     798 |     542 |  40.4 |      24 |       4 |  14.3
        D:6 |     261 |       0 |   0.0 |      10 |       0 |   0.0
        D:7 |    1136 |       0 |   0.0 |      26 |       0 |   0.0
        D:8 |     306 |       0 |   0.0 |       6 |       0 |   0.0
        D:9 |    1552 |    1436 |  48.1 |      25 |      32 |  56.1
       D:10 |    4271 |       0 |   0.0 |      40 |       0 |   0.0
       D:11 |    3635 |       0 |   0.0 |      30 |       0 |   0.0
       D:12 |    7042 |     786 |  10.0 |      41 |      36 |  46.8
       D:13 |    8534 |    2373 |  21.8 |      24 |       2 |   7.7
       D:14 |   14926 |   15909 |  51.6 |      46 |      42 |  47.7
       D:15 |    3472 |    3598 |  50.9 |      16 |       4 |  20.0
     Lair:1 |    3677 |    2092 |  36.3 |      20 |       9 |  31.0
     Lair:2 |    2692 |     444 |  14.2 |      14 |       1 |   6.7
     Lair:3 |    2148 |    3930 |  64.7 |       9 |      11 |  55.0
     Lair:4 |    7137 |     986 |  12.1 |      27 |       6 |  18.2
     Lair:5 |    2897 |     458 |  13.7 |      14 |       6 |  30.0
     Lair:6 |    8957 |    8160 |  47.7 |      21 |      46 |  68.7
   Shoals:1 |    4717 |       0 |   0.0 |      10 |       0 |   0.0
   Shoals:2 |   19097 |    9127 |  32.3 |      35 |       5 |  12.5
   Shoals:3 |   17207 |    3585 |  17.2 |      30 |       4 |  11.8
   Shoals:4 |   18183 |   19717 |  52.0 |      38 |      32 |  45.7
   Spider:1 |   17071 |    3480 |  16.9 |      49 |       1 |   2.0
   Spider:2 |   21224 |       0 |   0.0 |      65 |       0 |   0.0
   Spider:3 |   13073 |    3822 |  22.6 |      32 |      11 |  25.6
   Spider:4 |   24040 |   22469 |  48.3 |      62 |      36 |  36.7
      Orc:1 |    5824 |    8285 |  58.7 |      31 |      11 |  26.2
      Orc:2 |    1897 |    6504 |  77.4 |      10 |      40 |  80.0
      IceCv |       0 |   10093 | 100.0 |       0 |      39 | 100.0
            +---------+---------+-------+---------+---------+-------
